 Dungeon Crawl Stone Soup version 0.30-a0-870-gc5d4c5acee (webtiles) character file.

Game seed: 17319682754921092874

709 Firecrotchwizard the Insei (level 7, -9/39 HPs)
             Began as a Vine Stalker Monk on Mar 11, 2023.
             Mangled by a gnoll
             ... wielding a +0 flail
             ... led by a gnoll bouda
              (11 damage)
             ... on level 5 of the Dungeon.
             The game lasted 00:05:48 (3569 turns).

Firecrotchwizard the Insei (Vine Stalker Monk)      Turns: 3569, Time: 00:05:49

Health: -9/39      AC: -11   Str: 15    XL:     7   Next: 68%
Magic:  0/8        EV: 10    Int: 10    God:
Gold:   265        SH:  0    Dex: 17    Spells: 6/6 levels left

rFire   . . .      SeeInvis .      - Unarmed
rCold   . . .      Faith    .    (no shield)
rNeg    . . .      Spirit   +    u - +0 scale mail
rPois   .          Reflect  .    j - +2 helmet
rElec   .          Rampage  .    (no cloak)
rCorr   .                        (no gloves)
Will    .....                    (no boots)
Stlth   +                        (no amulet)
HPRegen 1.06/turn                Q - +4 ring of slaying
MPRegen 0.11/turn                (no ring)

@: corroded
A: fangs 2, regeneration 1, magic shield, antimagic bite, no potion heal 2
a: no special abilities


You were on level 5 of the Dungeon.
You visited 1 branch of the dungeon, and saw 5 of its levels.

You collected 313 gold pieces.
You spent 48 gold pieces at shops.

Inventory:

Missiles
 m - 3 javelins
 p - 3 poisoned darts
 q - 3 atropa-tipped darts
 s - 54 stones (quivered)
 t - a boomerang
Armour
 a - a +0 robe
 c - a +0 ring mail
   (You found it on level 1 of the Dungeon)
 e - a +0 chain mail
   (You found it on level 1 of the Dungeon)
 j - a +2 helmet (worn)
   (You found it on level 2 of the Dungeon)
 u - a +0 scale mail (worn)
   (You found it on level 4 of the Dungeon)
Jewellery
 f - a ring of fire {rF+, rC-}
   (You found it on level 1 of the Dungeon)
 Q - a +4 ring of slaying (left hand)
   (You found it on level 2 of the Dungeon)
 Z - a ring of wizardry {Wiz+, !d}
   (You found it on level 4 of the Dungeon)
Scrolls
 o - 3 scrolls of identify {@r1}
 Y - 2 scrolls of teleportation {@r3}
Potions
 b - a potion of flight {unknown}
 h - a potion of heal wounds {unknown}
 k - a potion of lignification {unknown}
 G - a potion of ambrosia {!q}
 M - 3 potions of might


   Skills:
 + Level 5.0 Fighting
 - Level 2.4 Dodging
 - Level 2.4 Stealth
 * Level 7.4 Unarmed Combat


You had 6 spell levels left.
You didn't know any spells.
Your spell library was empty.

Dungeon Overview and Level Annotations

Branches:
Dungeon (5/15)
 Temple: D:4-7

Altars:

Shops:
D:3 !

Annotations:
D:5 Eustachio


Innate Abilities, Weirdness & Mutations

You have extremely sharp teeth.
Your natural rate of healing is unusually fast.
When hurt, damage is shared between your health and your magic reserves.
Your bite disrupts and absorbs the magic of your enemies.
Potions cannot restore your health.


Message History

Things that are here:
a +1 whip of venom; a +0 robe The gnoll closely misses you.
You closely miss the gnoll. The gnoll closely misses you.
A gnoll comes into view. It is wielding a +0 club.
The gnoll shouts!
You hit the gnoll.
You hear a shout!
The gnoll hits you with a +0 club.
You take 1 damage, and have 37/38 hp.
You now have 7/8 mp.
You punch the gnoll! The gnoll completely misses you.
Health restored: 38 You punch the gnoll!
You kill the gnoll!
You see here a +0 club.
Things that are here:
a +1 whip of venom; a +0 robe The gnoll barely misses you.
You punch the gnoll! Your bite misses the gnoll.
The gnoll hits you with a +0 club.
You take 2 damage, and have 36/38 hp.
You now have 6/8 mp.
You punch the gnoll!
You kill the gnoll!
You see here a +0 club.
Health restored: 38 You see here a +0 club.
Things that are here:
a +1 whip of venom; a +0 robe
M - 2 potions of might (gained 1)
Items here: )) ††.
Things that are here:
a +0 club; a +0 robe; a gnoll corpse
M - 3 potions of might (gained 1)
A jelly comes into view.
The jelly quivers.
MP restored: 8 A gnoll comes into view. It is wielding a +0 club.
The gnoll shouts!
A gnoll comes into view. It is wielding a +0 flail.
Eustachio the Magnificent comes into view.
He is wielding a +0 rapier.
Eustachio shouts!
The jelly completely misses you.
Eustachio twirls his moustache.
You hit the jelly. The acid corrodes you!
Your hands burn!
The jelly barely misses you.
Eustachio yells, "Perjured traitor, DIE!"
You take 2 damage, and have 36/38 hp.
An adder comes into view.
Health restored: 38 The gnoll attacks as you move away!
The gnoll hits you with a +0 club. The gnoll attacks as you move away!
The gnoll hits you but does no damage.
Eustachio mumbles some strange words.
Eustachio blinks!
The gnoll attacks as you move away! The gnoll hits you with a +0 club.
You take 1 damage, and have 37/38 hp.
You now have 7/8 mp.
Health restored: 38 You hit the gnoll.
You bite the gnoll. You drain its power.
You feel invigorated. The gnoll closely misses you.
MP restored: 8 You punch the gnoll!
You kill the gnoll!
Your Fighting skill increases to level 5!
Health restored: 39 You punch the jelly!
The acid corrodes you!
Your hands burn!
You punch the jelly. You bite the jelly. You drain its power.
The jelly hits you. The acid corrodes you!
You are splashed with acid!
You take 11 damage, and have 28/39 hp.
MASSIVE DAMAGE!!
You now have 6/8 mp.
You hit the jelly but do no damage. The acid corrodes you!
Your hands burn!
You bite the jelly, but do no damage. The jelly closely misses you.
You take 2 damage, and have 26/39 hp.
You now have 5/8 mp.
You hit the jelly but do no damage.
Your hands burn!
The jelly closely misses you.
You take 2 damage, and have 24/39 hp.
You hit the jelly but do no damage.
Your hands burn!
You bite the jelly, but do no damage. The jelly hits you.
The acid corrodes you!
You are splashed with acid!
You take 10 damage, and have 14/39 hp.
MASSIVE DAMAGE!!
You now have 3/8 mp.
You hit the jelly.
You kill the jelly!
You closely miss the gnoll. Your bite misses the gnoll.
The gnoll barely misses you.
You barely miss the gnoll. You punch the gnoll.
You hit the gnoll but do no damage. The gnoll hits you with a +0 flail!
* * * LOW HITPOINT WARNING * * *
You take 8 damage, and have 9/39 hp.
MASSIVE DAMAGE!!
You now have 2/8 mp.
You hit the gnoll but do no damage. You bite the gnoll, but do no damage.
The gnoll hits you with a +0 flail!
* * * LOW HITPOINT WARNING * * *
Eustachio gestures wildly while chanting.
You take 8 damage, and have 1/39 hp.
MASSIVE DAMAGE!!
You now have 1/8 mp.
You hit the gnoll but do no damage. The gnoll hits you with a +0 flail!
You die...

#...)).#####........#
######)# ##.#######
#.## #.# #).# #.#
##)# #.# #.# #.# #.#
#.# #.# #.####### #.#
#..@g@..## #.#
######.r.#
#.##########.#.#
.....S..g....#...
.####.##.§..#....# #
#.#######.# #.. .#
.... # ...#..


You could see Eustachio, a gnoll and a river rat (summoned).

Vanquished Creatures
  An ice beast (D:4)
  2 black bears (D:4)
  2 scorpions (D:4)
  A jelly (D:5)
  An orc priest (D:4)
  A hound (D:4)
  An iguana (D:5)
  A gnoll bouda (D:5)
  An adder (D:2)
  6 gnolls (D:5)
  An ufetubus (D:4)
  2 dart slugs (D:2)
  8 orcs (D:4)
  3 bats
  5 endoplasms
  2 giant cockroaches
  9 goblins
  5 hobgoblins
  6 jackals
  3 quokkas
  10 ball pythons
  3 frilled lizards (D:1)
  7 kobolds
  7 rats
88 creatures vanquished.

Vanquished Creatures (collateral kills)
  A gnoll (D:5)
1 creature vanquished.

Vanquished Creatures (others)
  16 plants (D:2)
16 creatures vanquished.

Grand Total: 105 creatures vanquished

Notes
Turn   | Place    | Note
-------+----------+-------------------------------------------
     0 | D:1      | Firecrotchwizard the Vine Stalker Monk began the quest for
                  | the Orb.
     0 | D:1      | Reached XP level 1. HP: 11/11 MP: 2/2
   341 | D:1      | Reached XP level 2. HP: 16/16 MP: 3/3
   524 | D:1      | Reached skill level 3 in Fighting
   732 | D:1      | Reached XP level 3. HP: 20/20 MP: 4/4
  1172 | D:2      | Reached skill level 4 in Unarmed Combat
  1603 | D:2      | Gained mutation: Your natural rate of healing is unusually
                  | fast. [Vine Stalker growth]
  1603 | D:2      | Reached XP level 4. HP: 24/24 MP: 5/5
  1739 | D:3      | Found Xoyrghy's Distillery.
  1747 | D:3      | Bought a potion of might for 48 gold pieces
  2227 | D:4      | Noticed a scorpion
  2238 | D:4      | Killed a scorpion
  2239 | D:4      | Reached XP level 5. HP: 27/28 MP: 6/6
  2298 | D:4      | Noticed an ice beast
  2328 | D:4      | Killed an ice beast
  2329 | D:4      | Reached skill level 4 in Fighting
  2329 | D:4      | Reached skill level 5 in Unarmed Combat
  2329 | D:4      | Reached XP level 6. HP: 14/33 MP: 7/7
  2435 | D:4      | Reached skill level 6 in Unarmed Combat
  2617 | D:4      | Noticed a black bear
  2624 | D:4      | Killed a black bear
  2625 | D:4      | Reached XP level 7. HP: 35/38 MP: 6/8
  3381 | D:5      | Entered Level 5 of the Dungeon
  3451 | D:5      | Reached skill level 7 in Unarmed Combat
  3548 | D:5      | Noticed Eustachio
  3560 | D:5      | Reached skill level 5 in Fighting
  3567 | D:5      | HP: 9/39 [gnoll/+0 flail[a gnoll bouda] (9)]
  3568 | D:5      | HP: 1/39 [gnoll/+0 flail[a gnoll bouda] (8)]
  3569 | D:5      | Mangled by a gnoll

Illustrated notes

Levels and vault maps discovered:
D:1:      sevenhm_arrival_forest_fort_large_3, layout_basic,
          minmay_tiny_reverse_x
D:2:      layout_loops_ring, serial_bayou_pond_c
D:3:      layout_loops_ring, serial_shops,
          nicolae_shop_temple_entry_statues_fountains
D:4:      black_bear_nest_1, layout_basic, minmay_crystal_water
D:5:      cheibrodos_thug_alley, layout_loops_ring, minmay_temple_entry_trees,
          uniq_eustachio

Skill      XL: |  1  2  3  4  5  6  7 |
---------------+----------------------+-----
Fighting       | 3 4 5 |  5.0
Unarmed Combat | 4 5 6 7 |  7.4
Dodging        | |  2.4
Stealth        | |  2.4

Action                     |  1- 3 |  4- 6 |  7- 9 || total
---------------------------+-------+-------+-------++-------
  Melee: Unarmed           |    91 |    69 |    41 ||   201
         Bite              |    22 |    20 |     8 ||    50
         Punch             |     1 |     2 |     4 ||     7
  Throw: Stone             |     3 |       |       ||     3
    Use: Scroll            |       |       |     6 ||     6
   Stab: Sleeping          |     6 |     3 |       ||     9
         Distracted        |     2 |       |       ||     2
 Armour: Robe              |     5 |       |       ||     5
         Ring mail         |    12 |    12 |       ||    24
         Scale mail        |       |     3 |    12 ||    15
  Dodge: Dodged            |    43 |    26 |    21 ||    90

Table legend: (Time is in decaauts)
 A = Elapsed time spent in this place.
 B = Non-inter-level travel time spent in this place.
 C = Inter-level travel time spent in this place.
 D = Time resting spent in this place.
 E = Time spent auto-exploring this place.
 F = Levels seen in this place.
 G = Mean time per level.
                   A        B        C        D        E       F      G
               +--------+--------+--------+--------+--------+-----+--------+
         Total |   3554 |   3466 |     88 |     47 |   2761 |   5 |  710.8 |
       Dungeon |   3554 |   3466 |     88 |     47 |   2761 |   5 |  710.8 |
               +--------+--------+--------+--------+--------+-----+--------+

Top non-repeatable levels by time:
     D:4: 1157 daAuts
     D:1: 1095 daAuts
     D:2: 599 daAuts
     D:3: 543 daAuts
     D:5: 159 daAuts

Table legend:
 A = Kills in this place as a percentage of kills in the entire game.
 B = Kills by you in this place as a percentage of kills by you in the entire game.
 C = Kills by friends in this place as a percentage of kills by friends in the entire game.
 D = Other kills in this place as a percentage of other kills in the entire game.
 E = Experience gained in this place as a percentage of experience gained in the entire game.
 F = Experience gained in this place divided by the number of levels of this place that you have seen.
                   A       B       C       D       E      F
               +-------+-------+-------+-------+-------+----------------------
         Total | 100.0 | 100.0 | 100.0 |   N/A | 100.0 | 202.6
       Dungeon | 100.0 | 100.0 | 100.0 |   N/A | 100.0 | 202.6
               +-------+-------+-------+-------+-------+----------------------
